 Dungeon Crawl Stone Soup version 0.21.1-1-g345015f (webtiles) character file.

37 equizz the Chiller (level 3, 0/24 HPs)
             Began as a Merfolk Ice Elementalist on Mar 20, 2018.
             Slain by a bat (1 damage)
             ... on level 2 of the Dungeon on Mar 21, 2018.
             The game lasted 00:17:27 (1445 turns).

equizz the Chiller (Merfolk Ice Elementalist)       Turns: 1445, Time: 00:17:28

Health: 0/24       AC:  2    Str:  8    XL:     3   Next: 39%
Magic:  3/6        EV: 13    Int: 15    God:
Gold:   50         SH:  0    Dex: 14    Spells: 4/7 levels left

rFire    . . .     SeeInvis .   o - +0 dagger (curse)
rCold    . . .     Gourm    .   (no shield)
rNeg     . . .     Faith    .   a - +0 robe
rPois    .         Spirit   .   (no helmet)
rElec    .         Reflect  .   (no cloak)
rCorr    .         Harm     .   (no gloves)
MR       .....                  (no boots)
Stlth    ++........             (no amulet)
HPRegen  0.08/turn              (no ring)
MPRegen  0.10/turn              (no ring)

@: hasted, very quick
A: change form in water, swift swim, stealthy swim
a: no special abilities


You were on level 2 of the Dungeon.
You were not hungry.

You visited 1 branch of the dungeon, and saw 2 of its levels.

You collected 50 gold pieces.

Inventory:

Hand Weapons
 e - a +0 short sword
 m - a +0 dagger
 o - a cursed +0 dagger (weapon)
Armour
 a - a +0 robe (worn)
Scrolls
 g - a scroll of identify
Potions
 f - a potion of ambrosia {unknown}
 h - a potion of lignification {unknown}
 j - 2 potions of haste
 k - a potion of curing {unknown}
 n - a potion of agility {unknown}
Books
 b - a book of Frost

   Spells                             Type                      Level
   a - Freeze                         Ice                          1
   b - Throw Frost                    Conjuration/Ice              2
   c - Ozocubu's Armour               Charms/Ice                   3
   d - Throw Icicle                   Conjuration/Ice              4
   e - Summon Ice Beast               Ice/Summoning                4
Comestibles
 c - 2 rations


   Skills:
 + Level 0.1 Fighting
 + Level 1.0 Short Blades
 + Level 3.1 Dodging
 + Level 2.2 Stealth
 + Level 2.5 Spellcasting
 + Level 0.7 Conjurations
 + Level 3.9 Ice Magic


You had 4 spell levels left.
You knew the following spells:

 Your Spells              Type           Power        Failure   Level  Hunger
a - Freeze                Ice            ##..         4%          1    #......
b - Throw Frost           Conj/Ice       #.....       12%         2    ###....


Dungeon Overview and Level Annotations

Branches:
Dungeon (2/15)

Altars:


Message History

The bat hits you.
* * * LOW HITPOINT WARNING * * *
The bat hits you.
* * * LOW HITPOINT WARNING * * *
You barely miss the bat.
The bat is moderately wounded.
The bat hits you but does no damage. The bat hits you.
* * * LOW HITPOINT WARNING * * *
The bat misses you.
You closely miss the bat.
The bat is moderately wounded.
The bat barely misses you.
Your magical contamination has completely faded away.
You feel yourself speed up. The bat closely misses you.
The bat closely misses you. x2
You hit the bat.
The bat is severely wounded.
The bat hits you.
You die...

*,...,,,,,,,* **..#******,*
###########..# *,, #.........#..#
*,* #.#######.#..# *,, #.#
#.....# *,, ##.######.##..# *,,
###.............#******,,
******#......b@..........,,,,,,
**,#.*[#<#.##.####.##..#.#..**,,
*...............,........#.#**..
##.#.#.#.#.#..##............,,b.
#.............#*,#.##.##...###..
###.#.#.#.#.#..#*,#.#*...........
#..............#*,*.#**##...##..#
#.#.#.#.#.#.#..#*.#,** #.รท.##..#
#....................####...##..#


You could see a bat.

Vanquished Creatures
  An adder (D:2)
  2 oozes (D:2)
  A leopard gecko (D:1)
  A giant cockroach (D:2)
  2 goblins
  2 hobgoblins (D:2)
  A quokka (D:2)
  A ball python (D:2)
  3 bats
  A frilled lizard (D:2)
  A kobold (D:1)
  4 rats
20 creatures vanquished.

Notes
Turn   | Place    | Note
-------+----------+-------------------------------------------
     0 | D:1      | equizz the Merfolk Ice Elementalist began the quest for the Orb.
     0 | D:1      | Reached XP level 1. HP: 13/13 MP: 3/3
   438 | D:1      | Reached XP level 2. HP: 19/19 MP: 3/5
   442 | D:1      | Learned a level 2 spell: Throw Frost
  1094 | D:2      | Reached skill level 1 in Short Blades
  1294 | D:2      | Reached XP level 3. HP: 23/24 MP: 2/6
  1440 | D:2      | HP: 1/24 [bat (1)]
  1445 | D:2      | Slain by a bat

Skill      XL: |  1  2 |
---------------+-------+-----
Dodging        | 3 |  3.1
Short Blades   | 1 |  1.0
Fighting       | |  0.1
Stealth        | |  2.2
Spellcasting   | |  2.5
Conjurations   | |  0.7
Ice Magic      | |  3.9

Action                   || total
-------------------------++-------
Melee: Short sword       ||    23
       Dagger            ||    26
 Cast: Freeze            ||    23
       Throw Frost       ||     3
  Use: Scroll            ||     4
       Potion            ||     1
  Eat: Ration            ||     1
Armor: Robe              ||    13
Dodge: Dodged            ||    53
